 Dungeon Crawl Stone Soup version 0.30-a0-622-gddc90eaa04 (webtiles) character file.

Game seed: 15171076905062890701

16158 themarg the Martial Artist (level 12, 0/92 HPs)
             Began as a Gnoll Transmuter on Jan 10, 2023.
             Was an Initiate of Gozag.
             Slain by a small abomination (13 damage)
             ... on level 6 of the Dungeon.
             The game lasted 00:40:44 (11994 turns).

themarg the Martial Artist (Gnoll Transmuter)      Turns: 11994, Time: 00:40:44

Health: 0/92       AC:  8    Str: 16    XL:     12   Next: 34%
Magic:  20/25      EV: 15    Int: 17    God:    Gozag
Gold:   2071       SH:  0    Dex: 13    Spells: 12/29 levels left

rFire   + . .      SeeInvis .      - Unarmed
rCold   + . .      Faith    .    (shield currently unavailable)
rNeg    . . .      Spirit   .    a - +0 robe
rPois   +          Reflect  .    (no helmet)
rElec   +          Harm     .    (no cloak)
rCorr   +          Rampage  .    (gloves currently unavailable)
Will    .....                    S - +0 pair of boots
Stlth   ++++                     w - amulet of the acrobat
HPRegen 0.35/turn                v - +4 ring of protection
MPRegen 0.19/turn                A - +6 ring of strength

@: mighty, blade hands, resistant, wereblooded, gold aura, invisible
A: fangs 1, strong nose, distributed training
a: End Transformation, Renounce Religion, Potion Petition, Call Merchant, Bribe
Branch


You were on level 6 of the Dungeon.
You worshipped Gozag.
Gozag was most pleased with you.
You had blades for hands.
You visited 1 branch of the dungeon, and saw 9 of its levels.
You also visited: Bailey.

You collected 3707 gold pieces.
You spent 96 gold pieces at shops.
You paid 1540 gold pieces to Gozag.

Inventory:

Hand Weapons
 h - the +8 great sword of Xeusasiu {venom, rN+ Str-2 Int+5}
   (You took it off an orc warrior on level 7 of the Dungeon)

   Str:       It affects your strength (-2).
   Int:       It affects your intelligence (+5).
   rN:        It protects you from negative energy.
 K - the +8 long sword of Regicide {heavy, Fragile rC+++ Str-4 Dex+3}
   (You took it off a wight on level 7 of the Dungeon)

   Str:       It affects your strength (-4).
   Dex:       It affects your dexterity (+3).
   rC:        It renders you almost immune to cold.
   Fragile:   It will be destroyed if unequipped.
 R - the +6 long sword "Nunegop" {elec, Str+3}
   (You found it on level 9 of the Dungeon)

   Str:       It affects your strength (+3).
Missiles
 c - 133 stones (quivered)
 e - 22 javelins
 q - 2 throwing nets
 s - 23 poisoned darts
 G - 7 boomerangs
 N - a curare-tipped dart
 T - a boomerang of dispersal
 U - 5 atropa-tipped darts
Armour
 a - a +0 robe (worn)
 i - the +4 leather armour of Qeref {rPois Str+7}
   (You found it on level 2 of the Dungeon)

   Str:       It affects your strength (+7).
   rPois:     It protects you from poison.
 D - a +1 pair of gloves (melded)
 S - a +0 pair of boots (worn)
 V - a +2 helmet
Magical Staves
 y - a staff of death
Jewellery
 n - a ring of ice
 v - a +4 ring of protection (left blade hand)
 w - an amulet of the acrobat (around neck)
 A - a +6 ring of strength (right blade hand)
 B - a +6 ring of intelligence
 H - a +6 ring of dexterity
Wands
 O - a wand of light (2)
 Q - a wand of flame (22)
Scrolls
 d - 3 scrolls of poison
 g - 5 scrolls of fear
 j - 2 scrolls of blinking {unknown}
 k - 6 scrolls of teleportation
 r - 3 scrolls of torment
 t - a scroll of enchant weapon {unknown}
 x - a scroll of enchant armour {unknown}
 F - a scroll of brand weapon {unknown}
 J - a scroll of vulnerability {unknown}
 L - 2 scrolls of silence {unknown}
Potions
 b - 3 potions of lignification
 f - 4 potions of curing
 l - 2 potions of ambrosia
 m - 2 potions of heal wounds
 o - a potion of attraction {unknown}
 p - 4 potions of flight
 u - 2 potions of berserk rage
 z - a potion of cancellation {unknown}
 C - 2 potions of degeneration {unknown}
 E - a potion of magic {unknown}
 P - a potion of brilliance {unknown}
Miscellaneous
 I - a box of beasts
 M - a piece from Xom's chessboard (12/15)


   Skills:
 + Level 8.0 Fighting
 + Level 7.4 Short Blades
 + Level 7.4 Long Blades
 + Level 7.4 Axes
 + Level 7.4 Maces & Flails
 + Level 7.4 Polearms
 + Level 7.4 Staves
 + Level 7.4 Ranged Weapons
 + Level 7.4 Throwing
 + Level 7.4 Armour
 + Level 8.8 Dodging
 + Level 7.4 Stealth
 + Level 7.4 Shields
 + Level 10.0 Unarmed Combat
 + Level 9.1 Spellcasting
 + Level 6.2 Conjurations
 + Level 6.2 Hexes
 + Level 6.2 Summonings
 + Level 6.2 Necromancy
 + Level 6.2 Translocations
 + Level 7.3 Transmutations
 + Level 6.2 Fire Magic
 + Level 6.2 Ice Magic
 + Level 6.2 Air Magic
 + Level 6.2 Earth Magic
 + Level 6.2 Poison Magic
 + Level 8.2 Invocations
 + Level 7.4 Evocations


You had 12 spell levels left.
You knew the following spells:

 Your Spells              Type           Power      Damage    Failure   Level
a - Beastly Appendage     Tmut           64%        N/A       11%         1
b - Wereblood             Tmut           32%        N/A       13%         2
c - Spider Form           Tmut/Pois      30%        N/A       19%         3
d - Ice Form              Ice/Tmut       30%        N/A       34%         4
e - Blade Hands           Tmut           16%        N/A       50%         5
Z - Blink                 Tloc           56%        N/A       16%         2

Your spell library contained the following spells:

 Spells                   Type           Power      Damage    Failure   Level
 Apportation              Tloc           56%        N/A       13%         1
 Necrotise                Necr           100%       1d9       13%         1
 Sandblast                Erth           56%        2d13      13%         1
 Summon Small Mammal      Summ           100%       N/A       13%         1
 Passwall                 Tmut/Erth      25%        N/A       14%         2
 Cigotuvi's Dreadful Rot  Necr/Pois/Air  56%        N/A       16%         2
 Momentum Strike          Conj/Tloc      56%        3d9       16%         2
 Lesser Beckoning         Tloc           56%        N/A       22%         3
 Portal Projectile        Hex/Tloc       56%        N/A       22%         3
 Stone Arrow              Conj/Erth      56%        3d10      22%         3
 Tukima's Dance           Hex            28%        N/A       22%         3
 Dispel Undead            Necr           28%        3d13      38%         4
 Death Channel            Necr           14%        N/A       96%         6
 Chain Lightning          Conj/Air       14%        3d18      100%        9
 Fire Storm               Conj/Fire      14%        8d4       100%        9
 Shatter                  Erth           14%        3d14*     100%        9


Dungeon Overview and Level Annotations

Branches:
Dungeon (9/15)             Temple (0/1) D:5            Lair (0/5) D:8
    Orc (0/2) D:9          Bailey (visited)

Altars:
Fedhas
Gozag
Makhleb
Okawaru
Trog
Vehumet
Zin
The Shining One

Shops:
D:4 *

Portals:
Abyss: D:6

Annotations:
D:6 GilGalad's ghost, novice DEVM
D:9 2 transporters, bmack86's ghost, novice MiFi


Innate Abilities, Weirdness & Mutations

You have blades for hands.
Your spellcasting is less reliable in this form.
You are incapable of wielding weapons or throwing items.
You have very sharp teeth.
Your uncanny sense of smell can sniff out nearby items.
Your experience applies equally to all skills.


Message History

You are engulfed in noxious fumes.
You feel sick.
The small abomination is distracted by your dazzling golden aura.
The small abomination hits you!
* * * LOW HITPOINT WARNING * * *
GilGalad's ghost is distracted by your dazzling golden aura.
You feel better.
You are engulfed in noxious fumes.
You choke on the stench!
You are confused.
The soul eater is no longer distracted by gold.
The small abomination hits you!
* * * LOW HITPOINT WARNING * * *
You enter the transporter and appear at another place.
Your transformation is almost over.
You feel less confused. The small abomination hits you!
* * * LOW HITPOINT WARNING * * *
Okay, then.
Okay, then. [a] - 484 gold - invisibility, might and resistance [b] - 522 gold - resistance and invisibility [c] - 390 gold - haste and heal wounds Purchase which effect?
You fade into invisibility!
You feel very mighty all of a sudden.
You feel protected.
The small abomination closely misses you.
GilGalad's ghost is no longer distracted by gold.
The small abomination is distracted by your dazzling golden aura.
GilGalad's ghost casts a spell at you. The sting misses you.
The sting hits the small abomination but does no damage.
The small abomination is no longer distracted by gold.
GilGalad's ghost is distracted by your dazzling golden aura.
The small abomination completely misses you.
The small abomination misses you.
Your hands revert to their normal proportions.
Your +1 pair of gloves unmelds from your body.
GilGalad's ghost shrieks, "You will join me soon!"
Your hands turn into razor-sharp scythe blades.
Your +1 pair of gloves melds into your body.
The small abomination hits you!
You die...
Your body crumbles into a pile of gold.

#.# ##.###.....# #. #.###.##
##.##.# ## #....## ##.#.# #
####.#.## ##.##.# #
#.......###.###.# # ##
#.##.##..#......##### .#
########.##.##.............. .#
#......................#####
.#####.#........@...........#
.......#.........x.##.......#
.#####>....###....####......# .#
###...#x##..##g.####...# .##
###...#?x#W.#$.....##..# ..#
#....##.##..##.####.#..## ##
#.####.#..#..##...### #.##...###.
#......#..#.#.##...W#..##.....##.
#......#..## ..###©##..##......#.


You could see a small abomination (unable to see you) and GilGalad's ghost
(unable to see you).

Vanquished Creatures
  6 death yaks (D:8)
  3 two-headed ogres (D:7)
  A manticore (D:8)
  A cyclops (D:7)
  A toenail golem (D:6)
  An unseen horror (D:8)
  2 trolls (D:7)
  Prince Ribbit (D:6)
  Grinder (D:4)
  A slime creature (D:7)
  3 shadows
  A vampire (D:9)
  2 wraiths
  A steam dragon (D:8)
  3 acid dragons (D:7)
  3 water moccasins
  12 orc warriors
  4 ice beasts
  A sky beast (D:6)
  2 black bears
  12 centaurs
  2 phantoms (D:4)
  Blork the orc (D:4)
  3 kobold brigands
  2 gnoll sergeants (D:9)
  7 bullfrogs
  2 necrophages
  6 scorpions
  2 small abominations (D:6)
  10 wights
  11 killer bees
  A howler monkey (D:7)
  3 hounds
  10 orc priests
  3 jellies
  4 gnoll boudas
  An iguana (D:4)
  11 orc wizards
  31 gnolls
  11 adders
  A shadow imp (D:7)
  4 white imps
  3 ufetubi
  2 worms
  4 dart slugs
  76 orcs
  13 endoplasms
  4 giant cockroaches
  6 goblins
  14 hobgoblins
  9 jackals (D:2)
  18 kobolds
  3 quokkas
  3 ball pythons
  5 bats
  2 frilled lizards (D:1)
  6 rats
356 creatures vanquished.

Vanquished Creatures (collateral kills)
  2 orcs (Bailey)
2 creatures vanquished.

Vanquished Creatures (others)
  A gnoll (D:8)
  6 fungi (D:6)
7 creatures vanquished.

Grand Total: 365 creatures vanquished

Notes
Turn   | Place    | Note
-------+----------+-------------------------------------------
     0 | D:1      | themarg the Gnoll Transmuter began the quest for the Orb.
     0 | D:1      | Reached XP level 1. HP: 17/17 MP: 6/6
   128 | D:1      | Reached XP level 2. HP: 23/23 MP: 7/7
   131 | D:1      | Learned a level 2 spell: Wereblood
   607 | D:1      | Reached skill level 5 in Spellcasting
   607 | D:1      | Reached XP level 3. HP: 27/28 MP: 7/9
   918 | D:1      | Learned a level 3 spell: Spider Form
   953 | D:2      | Reached skill level 1 in Invocations
   967 | D:2      | Identified the +4 leather armour of Qeref {rPois Str+7}
  1031 | D:2      | Reached skill level 1 in Short Blades
  1031 | D:2      | Reached skill level 1 in Long Blades
  1031 | D:2      | Reached skill level 1 in Axes
  1031 | D:2      | Reached skill level 1 in Maces & Flails
  1031 | D:2      | Reached skill level 1 in Polearms
  1031 | D:2      | Reached skill level 1 in Staves
  1031 | D:2      | Reached skill level 1 in Ranged Weapons
  1031 | D:2      | Reached skill level 1 in Throwing
  1031 | D:2      | Reached skill level 1 in Armour
  1031 | D:2      | Reached skill level 1 in Stealth
  1031 | D:2      | Reached skill level 1 in Shields
  1031 | D:2      | Reached skill level 1 in Evocations
  1243 | D:2      | Reached XP level 4. HP: 34/34 MP: 11/11
  1416 | D:2      | Reached skill level 1 in Conjurations
  1416 | D:2      | Reached skill level 1 in Hexes
  1416 | D:2      | Reached skill level 1 in Summonings
  1416 | D:2      | Reached skill level 1 in Necromancy
  1416 | D:2      | Reached skill level 1 in Translocations
  1416 | D:2      | Reached skill level 1 in Fire Magic
  1416 | D:2      | Reached skill level 1 in Ice Magic
  1416 | D:2      | Reached skill level 1 in Air Magic
  1416 | D:2      | Reached skill level 1 in Earth Magic
  1416 | D:2      | Reached skill level 1 in Poison Magic
  1972 | D:3      | Found a burning altar of Makhleb.
  1985 | D:3      | Reached XP level 5. HP: 36/40 MP: 7/12
  2361 | D:3      | Found a faded altar of an unknown god.
  2372 | D:3      | Prayed at the altar of an unknown god.
  2372 | D:3      | Became a worshipper of Gozag Ym Sagoz the Greedy
  2466 | D:3      | Reached XP level 6. HP: 47/47 MP: 9/13
  2892 | D:3      | Reached skill level 5 in Dodging
  3158 | D:4      | Found Fezagh's Assorted Antiques.
  3179 | D:4      | Bought a scroll of identify for 48 gold pieces
  3179 | D:4      | Bought a scroll of identify for 48 gold pieces
  3369 | D:4      | Noticed Grinder
  3378 | D:4      | Killed Grinder
  3379 | D:4      | Reached skill level 7 in Unarmed Combat
  3379 | D:4      | Reached XP level 7. HP: 46/52 MP: 12/15
  3569 | D:4      | Noticed Blork the orc
  3578 | D:4      | Killed Blork the orc
  3905 | D:5      | Entered Level 5 of the Dungeon
  3944 | D:5      | Learned a level 2 spell: Blink
  4081 | D:5      | Reached XP level 8. HP: 60/60 MP: 12/16
  4331 | D:5      | Found a staircase to the Ecumenical Temple.
  4973 | D:6      | Found a blossoming altar of Fedhas.
  4983 | D:6      | Noticed Prince Ribbit
  4999 | D:6      | Killed Prince Ribbit
  5201 | D:6      | Found a glowing silver altar of Zin.
  5244 | D:6      | Reached skill level 5 in Transmutations
  5309 | D:6      | Noticed a soul eater
  5344 | D:6      | Found a transporter.
  5350 | D:6      | Found a transporter.
  5557 | D:6      | Reached XP level 9. HP: 66/66 MP: 16/18
  5640 | D:6      | Learned a level 4 spell: Ice Form
  5804 | D:6      | Found a one-way gate to the infinite horrors of the Abyss.
  5804 | D:6      | Noticed GilGalad's ghost (novice DEVM)
  5806 | D:6      | Noticed a toenail golem
  5903 | D:6      | Reached skill level 5 in Fighting
  6251 | D:7      | Found a bloodstained altar of Trog.
  6297 | D:7      | Noticed a troll
  6297 | D:7      | Noticed a two-headed ogre
  6297 | D:7      | Noticed a troll
  6300 | D:7      | Noticed a two-headed ogre
  6300 | D:7      | Noticed a cyclops
  6305 | D:7      | Reached skill level 8 in Unarmed Combat
  6308 | D:7      | Reached skill level 5 in Invocations
  6311 | D:7      | Killed a two-headed ogre
  6318 | D:7      | Reached skill level 5 in Short Blades
  6318 | D:7      | Reached skill level 5 in Long Blades
  6318 | D:7      | Reached skill level 5 in Axes
  6318 | D:7      | Reached skill level 5 in Maces & Flails
  6318 | D:7      | Reached skill level 5 in Polearms
  6318 | D:7      | Reached skill level 5 in Staves
  6318 | D:7      | Reached skill level 5 in Ranged Weapons
  6318 | D:7      | Reached skill level 5 in Throwing
  6318 | D:7      | Reached skill level 5 in Armour
  6318 | D:7      | Reached skill level 5 in Stealth
  6318 | D:7      | Reached skill level 5 in Shields
  6318 | D:7      | Reached skill level 5 in Evocations
  6318 | D:7      | Reached XP level 10. HP: 62/76 MP: 20/20
  6331 | D:7      | Killed a two-headed ogre
  6331 | D:7      | Identified the +8 great sword of Xeusasiu {venom, rN+ Str-2
                  | Int+5}
  6732 | D:7      | Killed a cyclops
  6833 | D:7      | Identified the +0 plate armour "Ibiydit" {rC+}
  6896 | D:7      | Identified the +8 long sword of Regicide {heavy, Fragile
                  | rC+++ Str-4 Dex+3}
  7018 | D:7      | Noticed a two-headed ogre
  7027 | D:7      | Killed a two-headed ogre
  7028 | D:7      | Reached skill level 9 in Unarmed Combat
  7028 | D:7      | Reached skill level 5 in Conjurations
  7028 | D:7      | Reached skill level 5 in Hexes
  7028 | D:7      | Reached skill level 5 in Summonings
  7028 | D:7      | Reached skill level 5 in Necromancy
  7028 | D:7      | Reached skill level 5 in Translocations
  7028 | D:7      | Reached skill level 5 in Fire Magic
  7028 | D:7      | Reached skill level 5 in Ice Magic
  7028 | D:7      | Reached skill level 5 in Air Magic
  7028 | D:7      | Reached skill level 5 in Earth Magic
  7028 | D:7      | Reached skill level 5 in Poison Magic
  7028 | D:7      | Reached XP level 11. HP: 67/83 MP: 18/22
  7223 | D:7      | Found an iron altar of Okawaru.
  7672 | D:8      | Found a flagged portal.
  7697 | Bailey   | Entered a bailey
  8239 | Bailey   | Learned a level 5 spell: Blade Hands
  8794 | Bailey   | Acquired 913 gold pieces
  9067 | D:8      | Noticed a death yak
  9070 | D:8      | Noticed a death yak
  9076 | D:8      | Killed a death yak
  9079 | D:8      | Found a staircase to the Lair.
  9079 | D:8      | Noticed a death yak
  9079 | D:8      | Noticed a death yak
  9079 | D:8      | Noticed a death yak
  9109 | D:8      | Killed a death yak
  9195 | D:8      | Noticed a death yak
  9222 | D:8      | Killed a death yak
  9245 | D:8      | Killed a death yak
  9251 | D:8      | Killed a death yak
  9257 | D:8      | Killed a death yak
  9678 | D:8      | Reached XP level 12. HP: 91/91 MP: 20/24
 10386 | D:9      | Identified the +6 long sword "Nunegop" {elec, Str+3}
 10502 | D:9      | Found a staircase to the Orcish Mines.
 10595 | D:9      | Found a radiant altar of Vehumet.
 10604 | D:9      | Found a transporter.
 10725 | D:9      | Noticed bmack86's ghost (novice MiFi)
 10986 | D:9      | Reached skill level 10 in Unarmed Combat
 11197 | D:9      | Found a glowing golden altar of the Shining One.
 11547 | D:9      | Found a transporter.
 11994 | D:6      | Slain by a small abomination

Illustrated notes

Levels and vault maps discovered:
D:1:      minmay_arrival_doors, layout_basic
D:2:      layout_loops_cross, minmay_pentomino_w4
D:3:      layout_rooms, mainiacjoe_overflow_boulevard, basic_ecumenical_altar,
          nicolae_half_adder
D:4:      layout_loops_ring, serial_shops, nicolae_shop_stone, minivault_27,
          uniq_grinder, uniq_blork_the_orc
D:5:      layout_gridville, minmay_temple_entry_wispy, chequers_decorated_corner
D:6:      layout_loops_cross, overflow_temple_1_default,
          mainiacjoe_overflow_chevrons, gammafunk_ghost_abyssal_escape,
          hangedman_abyss_or_decor_passed, uniq_prince_ribbit1
D:7:      minmay_the_grid_octo_2x2 [minmay_the_grid_octo_fat_diamond,
          minmay_the_grid_octo_tetromino_candy,
          minmay_the_grid_octo_vomiting_pacman,
          minmay_the_grid_octo_prize_square_snowflake], layout_loops_cross,
          bloody_trog, okawaru_gym_becter
D:8:      layout_cave_pods, dpeg_lair_monsters, enter_bailey_4,
          hangedman_minor_gate_pass
D:9:      layout_layer_cave, mainiacjoe_overflow_swirl, hiddenorc2_lemuel,
          gammafunk_ghost_stat_death, minivault_23

Skill      XL: |  1  2  3  4  5  6  7  8  9 10 11 12 |
---------------+-------------------------------------+-----
Spellcasting   | 5 6 7 8 9 |  9.1
Invocations    | 1 2 3 4 5 6 7 8 |  8.2
Short Blades   | 1 2 3 5 6 7 |  7.4
Long Blades    | 1 2 3 5 6 7 |  7.4
Axes           | 1 2 3 5 6 7 |  7.4
Maces & Flails | 1 2 3 5 6 7 |  7.4
Polearms       | 1 2 3 5 6 7 |  7.4
Staves         | 1 2 3 5 6 7 |  7.4
Ranged Weapons | 1 2 3 5 6 7 |  7.4
Throwing       | 1 2 3 5 6 7 |  7.4
Armour         | 1 2 3 5 6 7 |  7.4
Stealth        | 1 2 3 5 6 7 |  7.4
Shields        | 1 2 3 5 6 7 |  7.4
Evocations     | 1 2 3 5 6 7 |  7.4
Conjurations   | 1 2 3 4 5 6 |  6.2
Hexes          | 1 2 3 4 5 6 |  6.2
Summonings     | 1 2 3 4 5 6 |  6.2
Necromancy     | 1 2 3 4 5 6 |  6.2
Translocations | 1 2 3 4 5 6 |  6.2
Fire Magic     | 1 2 3 4 5 6 |  6.2
Ice Magic      | 1 2 3 4 5 6 |  6.2
Air Magic      | 1 2 3 4 5 6 |  6.2
Earth Magic    | 1 2 3 4 5 6 |  6.2
Poison Magic   | 1 2 3 4 5 6 |  6.2
Fighting       | 3 4 5 6 7 8 |  8.0
Transmutations | 4 5 6 7 |  7.3
Dodging        | 5 6 7 8 |  8.8
Unarmed Combat | 7 8 9 10 | 10.0

Action                   |  1- 3 |  4- 6 |  7- 9 | 10-12 || total
-------------------------+-------+-------+-------+-------++-------
Melee: Unarmed           |    95 |   124 |   183 |   447 ||   849
       Kick              |    17 |     1 |       |       ||    18
       Headbutt          |     7 |       |       |       ||     7
       Bite              |     6 |       |       |     8 ||    14
       Punch             |       |       |       |     8 ||     8
Throw: Stone             |       |       |       |     1 ||     1
 Cast: Beastly Appendage |    21 |     4 |       |       ||    25
       Wereblood         |     3 |     4 |     6 |    12 ||    25
       Spider Form       |       |    36 |    27 |     4 ||    67
       Ice Form          |       |       |     6 |    26 ||    32
       Blade Hands       |       |       |       |    19 ||    19
Invok: Potion Petition   |       |       |     1 |     3 ||     4
Evoke: Piece from Xom's  |       |       |       |     8 ||     8
       Box of beasts     |       |       |       |     1 ||     1
  Use: Scroll            |       |     5 |     2 |     4 ||    11
       Potion            |       |       |       |     3 ||     3
 Stab: Sleeping          |       |     3 |     3 |     5 ||    11
       Distracted        |       |     1 |       |     4 ||     5
Armor: Robe              |    20 |     1 |     1 |    36 ||    58
       Skin              |       |     3 |    33 |   110 ||   146
Dodge: Dodged            |    66 |   101 |   143 |   450 ||   760

Table legend: (Time is in decaauts)
 A = Elapsed time spent in this place.
 B = Non-inter-level travel time spent in this place.
 C = Inter-level travel time spent in this place.
 D = Time resting spent in this place.
 E = Time spent auto-exploring this place.
 F = Levels seen in this place.
 G = Mean time per level.
                   A        B        C        D        E       F      G
               +--------+--------+--------+--------+--------+-----+--------+
         Total |  11886 |  11591 |    295 |   1072 |   7533 |  10 | 1188.6 |
       Dungeon |  10655 |  10360 |    295 |    661 |   7321 |   9 | 1183.9 |
        Bailey |   1230 |   1230 |      0 |    411 |    212 |   1 | 1230.0 |
               +--------+--------+--------+--------+--------+-----+--------+

Top non-repeatable levels by time:
     D:6: 1689 daAuts
     D:8: 1516 daAuts
     D:9: 1396 daAuts
  Bailey: 1230 daAuts
     D:7: 1162 daAuts
     D:3: 1083 daAuts
     D:5: 1015 daAuts
     D:2: 964 daAuts
     D:1: 918 daAuts
     D:4: 909 daAuts
